 Dungeon Crawl Stone Soup version 0.29-a0-330-g52719c12eb (webtiles) character file.

Game seed: 6749638272344454852

44 kae the Firebug (level 3, -1/26 HPs)
             Began as a Demigod Fire Elementalist on May 1, 2022.
             Slain by a gnoll
             ... wielding a +0 spear
              (2 damage)
             ... on level 2 of the Dungeon.
             The game lasted 00:01:34 (2114 turns).

kae the Firebug (Demigod Fire Elementalist)         Turns: 2114, Time: 00:01:34

Health: -1/26      AC:  3    Str:  9    XL:     3   Next: 22%
Magic:  5/9        EV: 12    Int: 27    God:
Gold:   85         SH:  0    Dex: 14    Spells: 0/6 levels left

rFire   . . .      SeeInvis .   j - +1 war axe
rCold   . . .      Faith    .   (no shield)
rNeg    . . .      Spirit   .   a - +0 robe
rPois   .          Reflect  .   (no helmet)
rElec   .          Harm     .   c - +0 cloak
rCorr   .          Rampage  .   (no gloves)
Will    .....                   (no boots)
Stlth   ++........              (no amulet)
HPRegen 0.08/turn               e - +6 ring of intelligence
MPRegen 0.11/turn               (no ring)

@: no status effects
A: high MP 1, forlorn, divine attributes
a: no special abilities


You were on level 2 of the Dungeon.
You visited 1 branch of the dungeon, and saw 2 of its levels.

You collected 85 gold pieces.

Inventory:

Hand Weapons
 j - a +1 war axe (weapon)
Armour
 a - a +0 robe (worn)
 c - a +0 cloak (worn)
Jewellery
 e - a +6 ring of intelligence (left hand)
Scrolls
 f - 2 scrolls of identify
Potions
 b - a potion of magic


   Skills:
 - Level 1.7 Dodging
 - Level 1.7 Stealth
 + Level 2.3 Spellcasting
 + Level 1.8 Conjurations
 + Level 3.2 Fire Magic


You couldn't memorise any spells.
You knew the following spells:

 Your Spells              Type           Power      Damage    Failure   Level
a - Foxfire               Conj/Fire      64%        2x1d7     3%          1
b - Scorch                Fire           40%        2d7       3%          2
c - Conjure Flame         Conj/Fire      16%        6-21      10%         3

Your spell library contained the following spells:

 Spells                   Type           Power      Damage    Failure   Level
 Inner Flame              Hex/Fire       11%        N/A       14%         3
 Flame Wave               Conj/Fire      16%        2d6       32%         4


Dungeon Overview and Level Annotations

Branches:
Dungeon (2/15)

Shops:
D:2 :


Innate Abilities, Weirdness & Mutations

You have an increased reservoir of magic. (+10% MP)
You shall have no god before yourself.
Your divine heritage dramatically boosts your attributes as you level up.


Message History

You assume a fearsome visage.
The giant cockroach looks frightened!
The rat looks frightened!
The goblin looks frightened!
The giant cockroach looks frightened!
The ball python looks frightened!
The quokka looks frightened!
The adder looks frightened!
The endoplasm looks frightened!
It was a scroll of fear.
You feel sick.
Cornered, the adder turns to fight!
The adder bites you.
* * * LOW HITPOINT WARNING * * *
Unknown command.
Are you sure you want to abandon this character and quit the game? (Confirm with "yes".)
Okay, then.
Unknown command.
You feel sick.
You feel sick.
You are no longer poisoned.
Casting: Foxfire (safe; 3% risk of failure)
Confirm with . or Enter, or press ? or * to list all spells.
You conjure some foxfire!
The adder misses you.
The foxfire hits the adder but does no damage.
The adder is lightly wounded.
The foxfire hits the adder.
The adder is heavily wounded.
The adder misses you. The adder bites you.
* * * LOW HITPOINT WARNING * * *
Casting: Foxfire (safe; 3% risk of failure)
Confirm with . or Enter, or press ? or * to list all spells.
You conjure some foxfire!
The adder barely misses you.
The foxfire hits the adder.
The adder is severely wounded.
The foxfire hits the adder.
The adder is severely wounded.
The adder bites you but does no damage. The gnoll closely misses you.
Casting: Foxfire (safe; 3% risk of failure)
Confirm with . or Enter, or press ? or * to list all spells.
You conjure some foxfire!
The adder barely misses you. The gnoll barely misses you.
The adder barely misses you.
The foxfire hits the adder.
You kill the adder!
The foxfire hits the gnoll but does no damage.
The gnoll hits you from afar with a +0 spear.
You die...

####... ... #.....# ...
#.....# #.# #.....# #.#
#.....# #.# #...... ####
#.# #...... #.§#####.#
#......
##@§..##.####....>.
#†##..............
#g###...........## #†#
#........##...
#.###....>...#####
######.##.......### #
##...............# #####
#................###....
#......JB.......#.....###


You could see a gnoll.

Vanquished Creatures
  2 adders (D:2)
  4 bats
  3 endoplasms (D:1)
  3 giant cockroaches
  2 goblins
  2 hobgoblins (D:1)
  2 jackals (D:1)
  4 quokkas
  5 ball pythons
  3 frilled lizards
  5 rats
35 creatures vanquished.

Vanquished Creatures (others)
  124 foxfires
124 creatures vanquished.

Grand Total: 159 creatures vanquished

Notes
Turn   | Place    | Note
-------+----------+-------------------------------------------
     0 | D:1      | kae the Demigod Fire Elementalist began the quest for the
                  | Orb.
     0 | D:1      | Reached XP level 1. HP: 14/14 MP: 5/5
     6 | D:1      | You fall into a shaft and drop 1 floor!
    38 | D:2      | Reached skill level 1 in Conjurations
    62 | D:2      | Found Jonash's Book Emporium.
   589 | D:1      | Reached XP level 2. HP: 20/20 MP: 1/7
   694 | D:1      | Reached skill level 3 in Fire Magic
   813 | D:1      | Learned a level 2 spell: Scorch
  1869 | D:2      | Reached XP level 3. HP: 25/26 MP: 3/9
  1873 | D:2      | Learned a level 3 spell: Conjure Flame
  2110 | D:2      | HP: 1/26 [adder (1)]
  2114 | D:2      | Slain by a gnoll

Illustrated notes

Levels and vault maps discovered:
D:1:      saegor_arrival_miasma, layout_basic, shapermc_ecumenical_altar_petra
D:2:      layout_rooms, serial_shops, shop_statue, minmay_guardbox

Skill      XL: |  1  2 |
---------------+-------+-----
Conjurations   | 1 |  1.8
Spellcasting   | 2 |  2.3
Fire Magic     | 3 |  3.2
Dodging        | |  1.7
Stealth        | |  1.7

Action                   || total
-------------------------++-------
Melee: Unarmed           ||     5
       War axe           ||    14
 Cast: Foxfire           ||    77
       Conjure Flame     ||     1
  Use: Scroll            ||     5
       Potion            ||     1
Armor: Robe              ||    15
Dodge: Dodged            ||    37

Table legend: (Time is in decaauts)
 A = Elapsed time spent in this place.
 B = Non-inter-level travel time spent in this place.
 C = Inter-level travel time spent in this place.
 D = Time resting spent in this place.
 E = Time spent auto-exploring this place.
 F = Levels seen in this place.
 G = Mean time per level.
                   A        B        C        D        E       F      G
               +--------+--------+--------+--------+--------+-----+--------+
         Total |   2120 |   2086 |     34 |     19 |   1767 |   2 | 1060.0 |
       Dungeon |   2120 |   2086 |     34 |     19 |   1767 |   2 | 1060.0 |
               +--------+--------+--------+--------+--------+-----+--------+

Top non-repeatable levels by time:
     D:1: 1414 daAuts
     D:2: 706 daAuts
